Map: Deathaura LE

Players

iphie

  • Race: Protoss Protoss
  • League: Diamond
  • Spawn Location: 5:00

Nishihi - Winner!

  • Race: Zerg Zerg
  • League: Diamond
  • Spawn Location: 11:00

VOD

Have the link to the VOD?

Description

help request stuff

Time

  • Played on: Aug. 19, 2020, 5:32 p.m.
  • Length: 17:42
Show
View Real Time Build Order
Export as new Build Order

iphie Protoss 

Build Orders: Nexus First, Chargelot Immortal 

Get SALT Encoding   

  12  0:00  Probe  
  13  0:12  Probe  
  14  0:24  Probe  
  15  0:44  Nexus  
  15  0:51  Pylon  
  15  1:10  Gateway  
  15  1:14  Gateway  
  16  1:18  Probe  
  16  1:23  Assimilator  
  16  1:30  Probe  
  17  1:42  Probe  
  18  1:54  Probe  
  18  1:57  Cybernetics Core  
  18  1:59  Zealot x2 (Chrono Boost)  
  23  2:05  Probe  
  23  2:08  Probe  
  25  2:17  Probe  
  25  2:18  Zealot (Chrono Boost)  
  25  2:19  Zealot (Chrono Boost)  
  30  2:37  Probe  
  30  2:42  Adept (Chrono Boost)  
  30  2:43  Adept (Chrono Boost)  
  35  2:45  Probe  
  35  2:49  Probe  
  37  2:57  Probe  
  38  3:00  Pylon  
  38  3:11  Warp Gate  
  38  3:16  Twilight Council  
  38  3:18  Probe x2  
  40  3:30  Probe  
  40  3:32  Zealot x2 (Chrono Boost)  
  39  3:55  Probe x2  
  39  3:56  Resonating Glaives  
  37  4:07  Probe  
  37  4:09  Probe  
  39  4:13  Nexus  
  39  4:15  Pylon  
  39  4:17  Adept x2 (Chrono Boost), Pylon  
  39  4:19  Probe  
  39  4:21  Probe  
  45  4:31  Probe  
  44  4:33  Probe  
  45  4:39  Gateway x2  
  45  4:43  Probe  
  46  4:45  Probe  
  47  4:53  Robotics Facility  
  47  4:55  Probe  
  47  4:58  Probe  
  49  5:00  Adept  
  51  5:07  Probe  
  51  5:10  Probe  
  51  5:13  Assimilator  
  53  5:15  Assimilator  
  53  5:19  Gateway x2, Probe  
  54  5:22  Gateway, Probe  
  54  5:24  Gateway  
  54  5:28  Probe, Pylon  
  56  5:31  Probe  
  56  5:33  Adept x3  
  56  5:34  Probe  
  64  5:40  Probe  
  65  5:43  Probe  
  65  5:44  Assimilator  
  65  5:46  Probe  
  65  5:47  Assimilator, Pylon  
  67  5:50  Warp Prism (Chrono Boost)  
  69  6:00  Charge (Chrono Boost)  
  69  6:05  Zealot x4  
  77  6:27  Zealot x7  
  77  6:28  Zealot  
  93  6:51  Probe  
  93  6:52  Pylon x2  
  90  6:58  Immortal (Chrono Boost)  
  88  7:01  Zealot  
  88  7:02  Zealot x2  
  90  7:09  Zealot  
  86  7:23  Zealot x7  
  86  7:26  Immortal (Chrono Boost)  
  98  7:32  Zealot  
  90  7:43  Zealot x7  
  88  7:56  Probe x2  
  88  7:57  Immortal (Chrono Boost)  
  92  8:05  Stalker  
  92  8:06  Stalker x6  
  82  8:33  Immortal (Chrono Boost)  
  86  8:40  Stargate  
  86  8:44  Stalker x3  
  92  8:51  Stalker x2  
  92  8:52  Stalker x2  
  92  9:01  Zealot  
  92  9:02  Zealot x4  
  102  9:05  Immortal  
  96  9:22  Stalker x5  
  96  9:23  Stalker x3  
  102  9:42  Probe x3  
  105  9:54  Probe  
  105  9:59  Stalker  
  108  10:06  Pylon x2  
  108  10:08  Pylon  
  100  10:26  Stalker x4  
  100  10:27  Stalker x4  
  106  10:30  Probe x2  
  106  10:31  Probe  
  106  10:42  Probe x2  
  106  10:45  Nexus  
  106  10:47  Pylon  
  106  10:49  Pylon  
  107  10:50  Stalker  
  107  10:51  Stalker x6  
  107  11:11  Zealot  
  107  11:17  Void Ray (Chrono Boost)  
  109  11:19  Stalker x6  
  109  11:20  Stalker  
  127  11:28  Probe x2  
  129  11:35  Assimilator  
  129  11:37  Assimilator  
  107  11:52  Stalker  
  107  11:53  Stalker x7  
  111  11:59  Immortal (Chrono Boost)  
  111  12:05  Probe x2  
  111  12:12  Void Ray (Chrono Boost)  
  111  12:21  Stalker x2  
  119  12:23  Sentry  
  119  12:25  Immortal (Chrono Boost)  
  95  12:47  Zealot x4  
  95  12:48  Zealot x4  
  105  13:02  Probe x3  
  102  13:05  Probe  
  95  13:13  Zealot x8  
  95  13:14  Probe x2  
  99  13:34  Zealot x8  
  115  13:44  Probe x3  
  115  13:45  Probe  
  115  13:50  Gateway  
  115  13:51  Gateway  
  115  13:52  Gateway  
  115  13:54  Immortal  
  115  13:55  Gateway  
  119  13:56  Probe  
  114  14:03  Zealot x4  
  120  14:14  Templar Archives  
  120  14:16  Probe x2  
  122  14:20  Probe x2  
  108  14:25  Zealot x7  
  106  14:33  Immortal  
  110  14:41  Probe  
  110  14:42  Probe  
  96  15:00  Stalker x8  
  96  15:03  Probe x2  
  96  15:04  Probe x2  
  116  15:07  High Templar x4  
  124  15:15  Probe  
  124  15:16  Probe  
  126  15:22  Probe x2  
  126  15:28  Probe x2  
  130  15:40  High Templar x4  
  130  15:41  High Templar  
  140  15:42  Archon  
  140  15:43  Archon  
  140  15:44  Archon x2  
  140  15:47  High Templar  
  138  15:52  Zealot x3  
  138  15:55  Nexus, Pylon  
  126  15:58  Pylon  
  126  16:00  Pylon  
  98  16:09  Stalker x3  
  104  16:15  Zealot x5  
  104  16:18  High Templar x2  
  112  16:22  Archon  
  114  16:27  High Templar x2  
  114  16:31  Void Ray (Chrono Boost), Archon  
  118  16:34  Immortal (Chrono Boost)  
  126  16:43  Zealot x3  
  126  16:45  High Templar  
  133  16:57  High Templar  
  133  16:58  Zealot x3  
Show
View Real Time Build Order
Export as new Build Order

Nishihi Zerg - Winner!

Build Orders: Hatch First 

Get SALT Encoding   

  12  0:00  Drone  
  13  0:12  Overlord  
  13  0:16  Drone  
  14  0:31  Drone x2  
  16  0:41  Extractor  
  15  0:50  Hatchery  
  15  0:54  Drone  
  15  0:57  Drone  
  16  1:12  Spawning Pool  
  16  1:16  Drone  
  16  1:22  Drone  
  16  1:23  Drone  
  18  1:28  Drone  
  19  1:41  Drone  
  20  1:50  Drone  
  21  2:02  Queen x2  
  21  2:04  Overlord  
  21  2:06  Drone  
  26  2:10  Metabolic Boost  
  26  2:13  Drone  
  27  2:16  Drone  
  28  2:28  Drone  
  28  2:29  Drone  
  30  2:34  Drone  
  30  2:36  Drone  
  32  2:46  Drone x2  
  34  2:57  Zergling x4  
  36  3:02  Pneumatized Carapace  
  36  3:03  Hatchery  
  36  3:10  Spine Crawler  
  36  3:12  Evolution Chamber  
  34  3:13  Evolution Chamber, Spine Crawler  
  33  3:27  Zergling x6  
  33  3:32  Spine Crawler  
  33  3:33  Zergling x6  
  35  3:39  Overlord x2  
  35  3:40  Spine Crawler  
  33  3:47  Zergling x2  
  33  3:48  Zergling x2  
  36  3:54  Queen  
  36  3:59  Spine Crawler  
  34  4:04  Drone  
  34  4:05  Drone x3, Roach Warren  
  37  4:30  Drone  
  37  4:31  Drone x4  
  41  4:45  Hatchery  
  41  4:49  Drone x5  
  41  4:51  Extractor  
  41  4:52  Extractor  
  43  4:55  Zerg Missile Weapons Level 1  
  43  4:56  Baneling Nest, Zerg Ground Armor Level 1  
  42  5:00  Drone x2  
  43  5:09  Zergling x2  
  43  5:10  Roach  
  43  5:11  Roach x3  
  51  5:17  Overlord x2  
  51  5:35  Queen  
  53  5:51  Ravager  
  53  5:52  Ravager  
  53  5:53  Roach  
  53  5:54  Roach  
  53  5:56  Drone  
  62  5:57  Drone x8  
  62  5:58  Overlord  
  68  6:07  Drone x4  
  72  6:13  Overlord x2  
  72  6:18  Zergling x2  
  73  6:19  Zergling x6  
  73  6:20  Zergling x2  
  73  6:24  Zergling x2  
  75  6:30  Lair  
  75  6:36  Roach  
  75  6:37  Roach x5  
  87  6:44  Drone  
  87  6:45  Drone x2  
  67  7:21  Roach  
  67  7:22  Roach x10  
  83  7:34  Roach x3  
  83  7:35  Roach x2  
  89  7:45  Roach x2  
  89  7:46  Roach  
  89  7:49  Zerg Missile Weapons Level 2  
  91  7:55  Zergling x2  
  92  8:00  Overlord  
  92  8:01  Overlord x2  
  84  8:14  Zergling x2  
  81  8:21  Ravager  
  81  8:22  Ravager x3  
  85  8:32  Drone  
  85  8:33  Drone x4  
  90  8:36  Hatchery  
  89  8:43  Spine Crawler  
  89  8:48  Spine Crawler  
  87  8:52  Baneling x4  
  87  8:55  Drone  
  88  8:56  Drone x3  
  88  9:00  Extractor x2  
  89  9:03  Centrifical Hooks  
  89  9:06  Hatchery  
  82  9:27  Roach  
  82  9:28  Roach x5  
  85  9:44  Zergling x4  
  81  9:55  Zergling x2  
  81  9:56  Zergling x2  
  81  9:57  Ravager  
  81  9:58  Ravager x4  
  86  10:01  Zergling x4  
  88  10:07  Zergling x4  
  88  10:08  Zergling x2  
  88  10:11  Zergling x6  
  92  10:37  Hatchery  
  90  10:50  Roach x11  
  104  11:08  Zergling x2  
  104  11:09  Zergling x10  
  106  11:17  Drone x3  
  109  11:30  Roach x2  
  95  11:50  Zergling x12  
  95  11:51  Zergling x6  
  97  12:00  Drone x8  
  103  12:02  Extractor  
  103  12:03  Extractor, Zerg Ground Armor Level 2  
  103  12:07  Zergling x4  
  99  12:10  Roach x2  
  99  12:15  Roach  
  105  12:19  Overlord  
  105  12:23  Roach  
  105  12:24  Roach x5  
  100  12:51  Zerg Melee Weapons Level 1  
  98  12:56  Infestation Pit  
  86  13:03  Zergling x2  
  86  13:04  Roach, Zergling x14  
  86  13:05  Roach x8  
  92  13:16  Roach x4  
  100  13:20  Hydralisk Den  
  95  13:35  Roach x7  
  95  13:36  Roach  
  95  13:37  Hatchery  
  108  13:45  Roach  
  108  13:46  Roach x2  
  105  13:51  Roach  
  105  13:52  Roach x3  
  97  14:06  Infestor x4  
  97  14:07  Infestor x2  
  98  14:26  Hydralisk x8  
  110  14:42  Hydralisk  
  110  14:43  Hatchery, Hydralisk x2  
  113  14:51  Roach x2  
  111  15:01  Queen  
  112  15:24  Roach x3  
  118  15:35  Hatchery  
  117  15:37  Extractor x2, Drone  
  117  15:38  Drone  
  117  15:40  Zergling x2  
  117  15:41  Zergling x4  
  120  15:49  Extractor  
  107  16:01  Roach x5  
  107  16:02  Zergling x2  
  110  16:13  Ravager  
  110  16:14  Ravager  
  110  16:15  Ravager  
  110  16:16  Ravager  
  110  16:17  Ravager  
  115  16:19  Drone  
  115  16:20  Drone x3  
  115  16:21  Drone  
  115  16:22  Drone x2  
  122  16:39  Drone  
  124  16:40  Drone x5  
Tags
 
Add a new tag
Caveats
  • Supply blocks, unpowered buildings, or Contaminate may cause inaccurate times.
  • Supply counts are checked every 10 seconds.